 Dungeon Crawl Stone Soup version 0.28-a0-664-gc179e30c89 (webtiles) character file.

Game seed: 12018911087933427157

168 lawman0 the Ogre Mage (level 5, -1/45 HPs)
             Began as an Ogre Hedge Wizard on Oct 16, 2021.
             Slain by a kobold brigand (2 damage)
             ... on level 3 of the Dungeon.
             The game lasted 00:04:28 (2322 turns).

lawman0 the Ogre Mage (Ogre Hedge Wizard)           Turns: 2322, Time: 00:04:29

Health: -1/45      AC:  3    Str: 14    XL:     5   Next: 48%
Magic:  12/12      EV:  9    Int: 16    God:
Gold:   80         SH:  0    Dex:  8    Spells: 6/14 levels left

rFire   . . .      SeeInvis .   k - +1 war axe
rCold   . . .      Faith    .   (no shield)
rNeg    . . .      Spirit   .   b - +0 robe
rPois   .          Reflect  .   c - +0 hat
rElec   .          Harm     .   (no cloak)
rCorr   .          Rampage  .   (gloves unavailable)
Will    .....                   (boots unavailable)
Stlth   +.........              e - amulet of magic regeneration
HPRegen 0.15/turn               (no ring)
MPRegen 0.38/turn               (no ring)

@: brilliant, lethally poisoned (-1 -> -24)
A: large, unfitting armour, tough skin 1
a: no special abilities


You were on level 3 of the Dungeon.
You visited 1 branch of the dungeon, and saw 3 of its levels.

You collected 80 gold pieces.

Inventory:

Hand Weapons
 k - a +1 war axe (weapon)
Armour
 b - a +0 robe (worn)
 c - a +0 hat (worn)
 m - a +0 kite shield
Jewellery
 e - an amulet of magic regeneration (around neck)
Wands
 n - a wand of flame (16)
Scrolls
 d - a scroll of identify {unknown}
 h - a scroll of enchant weapon
 l - a scroll of holy word
Potions
 f - a potion of ambrosia {unknown}
 g - a potion of flight {unknown}
 i - a potion of mutation {unknown}
 j - a potion of brilliance


   Skills:
 + Level 2.2 Dodging
 + Level 1.5 Stealth
 * Level 0.2 Shields
 + Level 5.1 Spellcasting
 * Level 2.2 Conjurations
 * Level 0.4 Hexes
 * Level 1.6 Summonings
 * Level 1.5 Translocations


You had 6 spell levels left.
You knew the following spells:

 Your Spells              Type           Power      Damage    Failure   Level
a - Magic Dart            Conj           64%        1d6       6%          1
b - Blink                 Tloc           N/A        N/A       12%         2
c - Call Imp              Summ           14%        N/A       12%         2
e - Mephitic Cloud        Conj/Pois/Air  9%         N/A       32%         3

Your spell library contained the following spells:

 Spells                   Type           Power      Damage    Failure   Level
 Slow                     Hex            8%         N/A       19%         2
 Conjure Flame            Conj/Fire      11%        6-21      28%         3
 Tukima's Dance           Hex            8%         N/A       36%         3
 Passage of Golubria      Tloc           N/A        N/A       61%         4
 Yara's Violent Unravell  Hex/Tmut       3%         3d4       98%         5


Dungeon Overview and Level Annotations

Branches:
Dungeon (3/15)

Altars:
Hepliaklqana


Innate Abilities, Weirdness & Mutations

You are too large for most types of armour.
You have tough skin. (AC +1)


Message History

A kobold brigand comes into view.
It is wielding a +2 dagger of venom and quivering poisoned darts.
The kobold closely misses you.
You closely miss the kobold.
The kobold brigand shouts!
The kobold hits you but does no damage.
You hear a shout! x2
You closely miss the kobold. You closely miss the kobold brigand.
The kobold hits you with a +0 dagger.
The kobold brigand hits you with a +2 dagger of venom.
You hit the kobold brigand.
The kobold brigand is lightly wounded.
You barely miss the kobold. The kobold hits you with a +0 dagger.
The kobold brigand hits you with a +2 dagger of venom.
You are poisoned.
The kobold brigand hits you with a +2 dagger of venom.
You are more poisoned.
The kobold hits you with a +0 dagger.
Okay, then.
As you read the scroll labelled POBABI XIANUEMM, it crumbles to dust.
It is a scroll of amnesia.
Forget Slow, freeing 2 spell levels for a total of 6?
Your memory of Slow unravels.
You feel very sick.
The kobold brigand completely misses you.
The kobold hits you with a +0 dagger.
Unknown command.
Unknown command.
As you read the scroll labelled WUQIFF ZIADOKO, it crumbles to dust.
You speak a Word of immense power!
It was a scroll of holy word.
You feel very sick.
The kobold brigand hits you with a +2 dagger of venom!
* * * LOW HITPOINT WARNING * * *
You are more poisoned.
The kobold barely misses you.
It was a potion of brilliance.
You feel clever all of a sudden.
* * * LOW HITPOINT WARNING * * *
You feel very sick.
The kobold brigand hits you with a +2 dagger of venom.
You die...

#....###....#
............##
###...###.#.#
##. #.#)## #
#.#..# #....##
# #.....# .#
#....)#..#
#....@K..#
#.....K..#
##########


You could see a kobold brigand and a kobold.

Vanquished Creatures
  An adder (D:2)
  4 dart slugs
  8 endoplasms
  2 giant cockroaches (D:1)
  5 goblins
  10 hobgoblins
  3 quokkas
  4 ball pythons (D:1)
  2 bats (D:1)
  A frilled lizard (D:2)
  6 kobolds
  5 rats
51 creatures vanquished.

Vanquished Creatures (collateral kills)
  A scorpion (D:3)
  3 adders
  An orc (D:3)
  A goblin (D:2)
6 creatures vanquished.

Grand Total: 57 creatures vanquished

Notes
Turn   | Place    | Note
-------+----------+-------------------------------------------
     0 | D:1      | lawman0 the Ogre Hedge Wizard began the quest for the Orb.
     0 | D:1      | Reached XP level 1. HP: 16/16 MP: 5/5
    19 | D:1      | Reached skill level 1 in Conjurations
   147 | D:1      | Reached XP level 2. HP: 24/24 MP: 2/6
   212 | D:1      | Reached skill level 4 in Spellcasting
   492 | D:1      | Learned a level 2 spell: Blink
   495 | D:1      | Learned a level 2 spell: Call Imp
   498 | D:1      | Learned a level 2 spell: Slow
   626 | D:1      | Reached XP level 3. HP: 31/31 MP: 5/8
   841 | D:2      | Reached skill level 1 in Translocations
   902 | D:2      | Found a faded altar of an unknown god.
   923 | D:2      | Reached skill level 1 in Summonings
  1107 | D:2      | Reached XP level 4. HP: 39/39 MP: 6/10
  1131 | D:2      | sick
  1136 | D:2      | Learned a level 3 spell: Mephitic Cloud
  1774 | D:3      | Noticed a scorpion
  1956 | D:3      | Found a hazy altar of Hepliaklqana.
  1957 | D:3      | gimmie
  1985 | D:3      | Found a faded altar of an unknown god.
  2254 | D:3      | Killed a scorpion
  2255 | D:3      | Reached skill level 5 in Spellcasting
  2255 | D:3      | Reached XP level 5. HP: 44/45 MP: 6/12
  2315 | D:3      | Noticed a kobold brigand
  2322 | D:3      | HP: 1/45 [poisoned by a kobold brigand]
  2322 | D:3      | Slain by a kobold brigand

Illustrated notes ......# .###### . .# #. #. .# #. r. ## #. .# #### #.# .### .... .. ... # #### #.##.# .# #.#@###.## ##.#.#...# #.###.# ######†.#.##..# ........).....# ## #######.#.....# .# #.#.##### .# #)#.# .#### #.#.# Turn 1131 on D:2: sick

### ._.# ..# #...# ##.#
#####...#### ##.#
#.......... ##.#
#.8...#... ##.# ..§§§§o
...### #§§§# .....#####
#§§@#
##.......#####§§§#
##.#........##§§§# ###
#.....##....[#§§§# ..#
#..#.###.##.##§§§# #.#
#..#.###.##.##§§§####.#
.........##.#§§§§§#.#.#
#.######.####....§#.#.#
..######.#####.#.##...#


Turn 1957 on D:3: gimmie

Levels and vault maps discovered:
D:1:      dpeg_arrival_tiny_d, layout_rooms
D:2:      layout_loops_ring, shapermc_ecumenical_altar_mp_vishouse,
          minmay_tripent
D:3:      cheibrodos_thug_alley, layout_loops_cross,
          beargit_hepliaklqana_dungeon_heroes

Skill      XL: |  1  2  3  4 |
---------------+-------------+-----
Conjurations   | 1 2 |  2.2
Spellcasting   | 4 5 |  5.1
Dodging        | 2 |  2.2
Translocations | 1 |  1.5
Summonings     | 1 |  1.6
Stealth        | |  1.5
Shields        | |  0.2
Hexes          | |  0.4

Action                   |  1- 3 |  4- 6 || total
-------------------------+-------+-------++-------
Melee: Dagger            |    28 |       ||    28
       War axe           |       |    16 ||    16
 Cast: Magic Dart        |    86 |    57 ||   143
       Call Imp          |     2 |     5 ||     7
       Slow              |       |     2 ||     2
       Mephitic Cloud    |       |     1 ||     1
       Blink             |       |     1 ||     1
  Use: Scroll            |       |     3 ||     3
       Potion            |       |     1 ||     1
Armor: Robe              |    19 |     5 ||    24
Dodge: Dodged            |    34 |    21 ||    55

Table legend: (Time is in decaauts)
 A = Elapsed time spent in this place.
 B = Non-inter-level travel time spent in this place.
 C = Inter-level travel time spent in this place.
 D = Time resting spent in this place.
 E = Time spent auto-exploring this place.
 F = Levels seen in this place.
 G = Mean time per level.
                   A        B        C        D        E       F      G
               +--------+--------+--------+--------+--------+-----+--------+
         Total |   2328 |   2277 |     51 |    130 |   1705 |   3 |  776.0 |
       Dungeon |   2328 |   2277 |     51 |    130 |   1705 |   3 |  776.0 |
               +--------+--------+--------+--------+--------+-----+--------+

Top non-repeatable levels by time:
     D:2: 854 daAuts
     D:1: 835 daAuts
     D:3: 639 daAuts
